[Event "ICC tourney 2533 (25 5)"]
[Site "Internet Chess Club"]
[Date "2021.04.24"]
[Round "4"]
[White "KRISHNA VANA, JESHWANT:K09-17291927"]
[Black "ATREYA, CHARVI:K09-16816706"]
[Result "0-1"]
[ICCResult "White checkmated"]
[WhiteElo "354"]
[BlackElo "944"]
[Opening "Giuoco Piano"]
[ECO "C50"]
[NIC "IG.02"]
[Time "17:05:59"]
[PlyCount "50"]
[TimeControl "1500+5"]

1. e4 e5 2. Nf3 Nc6 3. Bc4 Bc5 4. O-O Nf6 5. Ng5 O-O 6. Nc3 d6 7. Qf3 Bg4
8. Qg3 h6 9. Nf3 Qd7 10. h3 Bh5 11. Nd5 Nxe4 12. Qh4 Bg6 13. Bd3 f5 14. Re1
Bxf2+ 15. Qxf2 Nxf2 16. Bc4 Bf7 17. Kxf2 Na5 18. Bd3 Bxd5 19. Nh4 Qd8 20.
g3 f4 21. Ng6 fxg3+ 22. Kxg3 Rf3+ 23. Kh2 Qg5 24. Rg1 Rf2+ 25. Rg2 Qxg2# {
White checkmated } 0-1

[Event "ICC tourney 2533 (25 5)"]
[Site "Internet Chess Club"]
[Date "2021.04.24"]
[Round "4"]
[White "KALOUDIS, SEAN:K09-15106731"]
[Black "REVES, YIANNI:K09-16805341"]
[Result "1-0"]
[ICCResult "Black resigns"]
[WhiteElo "1714"]
[BlackElo "1184"]
[Opening "Queen's pawn"]
[ECO "A40"]
[NIC "QO.17"]
[Time "17:06:15"]
[PlyCount "47"]
[TimeControl "1500+5"]

1. d4 e6 2. Nf3 d5 3. g3 c5 4. Bg2 Nc6 5. O-O Qb6 6. c4 cxd4 7. cxd5 exd5
8. b3 Nh6 9. Bb2 Be6 10. Nxd4 Nxd4 11. Bxd4 Qb4 12. Bb2 Qb5 13. Nc3 Qd7 14.
Nxd5 Bxd5 15. Bxd5 Rd8 16. Bg2 Qc7 17. Qc1 Qb6 18. Qf4 f6 19. Qa4+ Kf7 20.
Qc4+ Ke8 21. Qe4+ Kf7 22. Rfd1 Re8 23. Rd7+ Kg8 24. Qxe8 { Black resigns }
1-0

[Event "ICC tourney 2533 (25 5)"]
[Site "Internet Chess Club"]
[Date "2021.04.24"]
[Round "4"]
[White "ROUCHKA, TOBY:K09-15518851"]
[Black "HAN, MATTHEW:K09-16312223"]
[Result "1/2-1/2"]
[ICCResult "Game drawn by mutual agreement"]
[WhiteElo "705"]
[BlackElo "1320"]
[Opening "Giuoco Piano"]
[ECO "C54"]
[NIC "IG.02"]
[Time "17:04:12"]
[PlyCount "86"]
[TimeControl "1500+5"]

1. e4 e5 2. Nf3 Nc6 3. Bc4 Bc5 4. c3 Nf6 5. d4 exd4 6. cxd4 Bb4+ 7. Bd2
Bxd2+ 8. Nbxd2 d5 9. exd5 Nxd5 10. O-O Be6 11. Re1 O-O 12. Qc2 Bg4 13. Ne5
Nxd4 14. Qd3 c5 15. Bxd5 Qxd5 16. Nxg4 b5 17. Qg3 Kh8 18. Rac1 Rac8 19. Nf3
Nxf3+ 20. Qxf3 Qxa2 21. Ra1 Qxb2 22. Rxa7 Rce8 23. Raa1 c4 24. h3 c3 25.
Reb1 Qd2 26. Rd1 Qb2 27. Rab1 Qa3 28. Ne3 b4 29. Nc2 Qa4 30. Nxb4 c2 31.
Nxc2 Qxc2 32. Rbc1 Qg6 33. Rc6 Qe4 34. Qxe4 Rxe4 35. Kf1 h6 36. Rc7 Kh7 37.
g3 Kg6 38. Rd6+ f6 39. Kg2 Rfe8 40. Rdd7 Rg8 41. h4 h5 42. Rc5 Ra8 43. Rdd5
Rh8 { Game drawn by mutual agreement } 1/2-1/2

[Event "ICC tourney 2533 (25 5)"]
[Site "Internet Chess Club"]
[Date "2021.04.24"]
[Round "4"]
[White "LAMPING, ANDREW:K09-16230258"]
[Black "VARGHESE ABHILASH, ALVIN:K09-17188623"]
[Result "1-0"]
[ICCResult "Black checkmated"]
[WhiteElo "1327"]
[BlackElo "625"]
[Opening "Sicilian: closed"]
[ECO "B23"]
[NIC "SI.44"]
[Time "17:04:20"]
[PlyCount "65"]
[TimeControl "1500+5"]

1. e4 c5 2. Nc3 d6 3. Nf3 Nf6 4. Bc4 g6 5. Qe2 Bg7 6. d4 cxd4 7. Nxd4 Nc6
8. Bb5 Bd7 9. Nxc6 Bxc6 10. Bxc6+ bxc6 11. Bg5 O-O 12. O-O-O a5 13. e5 Nh5
14. exd6 Bxc3 15. bxc3 Qb6 16. dxe7 Rfb8 17. Rd8+ Rxd8 18. exd8=Q+ Rxd8 19.
Bxd8 Qb1+ 20. Kxb1 Nf4 21. Qe8+ Kg7 22. Be7 Ne6 23. Re1 Kh6 24. Rxe6 fxe6
25. Bf8+ Kh5 26. Qxe6 h6 27. Qe5+ g5 28. Qf6 Kh4 29. Qxh6+ Kg4 30. Qf6 c5
31. h3+ Kh5 32. Be7 Kh4 33. Qxg5# { Black checkmated } 1-0

[Event "ICC tourney 2533 (25 5)"]
[Site "Internet Chess Club"]
[Date "2021.04.24"]
[Round "4"]
[White "LIN, SYLVIA:K09-16713708"]
[Black "TCHENG, SUHN:K09-16951820"]
[Result "1-0"]
[ICCResult "Black checkmated"]
[WhiteElo "934"]
[BlackElo "406"]
[Opening "Queen's pawn game, Chigorin variation"]
[ECO "D02"]
[NIC "QP.08"]
[Time "17:05:59"]
[PlyCount "93"]
[TimeControl "1500+5"]

1. d4 d5 2. Nf3 Nc6 3. Bf4 Nf6 4. e3 Bf5 5. h3 e6 6. Be2 Bd6 7. c3 e5 8.
dxe5 Bxe5 9. Nxe5 Nxe5 10. Bxe5 Qe7 11. Qa4+ Nd7 12. Bxc7 O-O 13. O-O Nc5
14. Qf4 Be6 15. Bd6 Qd7 16. Bxc5 Rfc8 17. Bd4 Qe7 18. Qg3 f6 19. Nd2 Bd7
20. Bd3 Be6 21. Qh4 h6 22. Qh5 Bf7 23. Qf5 Qe8 24. Qh7+ Kf8 25. Qh8+ Bg8
26. Bh7 Kf7 27. Bxg8+ Qxg8 28. Qxg8+ Rxg8 29. Rfe1 Rgd8 30. e4 dxe4 31.
Rxe4 b6 32. Rae1 Rg8 33. Re7+ Kg6 34. Rc7 Kh7 35. Ree7 b5 36. Bxf6 Kg6 37.
Bd4 a6 38. Rxg7+ Rxg7 39. Rxg7+ Kf5 40. g4+ Kf4 41. Rh7 Rf8 42. Rxh6 Kg5
43. Rxa6 Rb8 44. Kg2 Kf4 45. Rf6+ Kg5 46. Kg3 b4 47. Ne4# { Black
checkmated } 1-0

[Event "ICC tourney 2533 (25 5)"]
[Site "Internet Chess Club"]
[Date "2021.04.24"]
[Round "4"]
[White "ZHUANG, KYLE:K09-16368295"]
[Black "ALEXANDER MORGAN, CAMERON:K09-15934151"]
[Result "1-0"]
[ICCResult "Black checkmated"]
[WhiteElo "1637"]
[BlackElo "1111"]
[Opening "Sicilian: Scheveningen variation"]
[ECO "B80"]
[NIC "SI.19"]
[Time "17:05:58"]
[PlyCount "103"]
[TimeControl "1500+5"]

1. e4 c5 2. Nf3 d6 3. d4 cxd4 4. Nxd4 Nf6 5. Nc3 e6 6. Be3 Be7 7. Be2 b6 8.
Bf3 Bb7 9. e5 Bxf3 10. Qxf3 Nd5 11. Nxd5 exd5 12. Qxd5 Nd7 13. exd6 Bf6 14.
O-O Bxd4 15. Bxd4 Nf6 16. Qg5 O-O 17. Bxf6 Qxf6 18. Qxf6 gxf6 19. c4 Rfd8
20. Rfd1 Rd7 21. Rac1 Rad8 22. b4 Rxd6 23. Rxd6 Rxd6 24. Kf1 Rd2 25. c5
bxc5 26. bxc5 Kf8 27. Ke1 Rd7 28. Ke2 Ke7 29. Ke3 Kd8 30. Rc2 Kc7 31. Ke4
Kc6 32. Kf5 Rd5+ 33. Kxf6 Rxc5 34. Rxc5+ Kxc5 35. Kxf7 a5 36. Kg7 a4 37. f4
a3 38. f5 Kb4 39. f6 Kc3 40. f7 Kb2 41. f8=Q Kxa2 42. Kxh7 Kb2 43. Qb4+ Ka2
44. Kg6 Ka1 45. Qxa3+ Kb1 46. Qc3 Ka2 47. Qb4 Ka1 48. Kf5 Ka2 49. Ke4 Ka1
50. Kd3 Ka2 51. Kc2 Ka1 52. Qb2# { Black checkmated } 1-0

[Event "ICC tourney 2533 (25 5)"]
[Site "Internet Chess Club"]
[Date "2021.04.24"]
[Round "4"]
[White "LESTER, JALEEL:K09-17178433"]
[Black "PENCILLE, JONLUKE:K09-15351837"]
[Result "1-0"]
[ICCResult "Black checkmated"]
[WhiteElo "519"]
[BlackElo "1106"]
[Opening "two knights defense: Wilkes Barre (Traxler) variation"]
[ECO "C57"]
[NIC "KP.01"]
[Time "17:04:20"]
[PlyCount "59"]
[TimeControl "1500+5"]

1. e4 e5 2. Nf3 Nc6 3. Bc4 Nf6 4. Ng5 Bc5 5. Bxf7+ Kf8 6. d3 h6 7. Bb3 hxg5
8. Bxg5 d6 9. Nc3 Qe8 10. Qf3 Nd4 11. Qg3 Nxb3 12. axb3 Qg6 13. h4 Nh5 14.
Be7+ Kf7 15. Qxg6+ Kxg6 16. Na4 Kf7 17. Bg5 Nf4 18. Bxf4 exf4 19. Nxc5 dxc5
20. Ke2 Rf8 21. h5 Kf6 22. Rag1 Kg5 23. f3 Be6 24. g3 b5 25. gxf4+ Kxf4 26.
Rxg7 Rac8 27. Rg6 Bf7 28. Rh4+ Ke5 29. f4+ Kd4 30. c3# { Black checkmated }
1-0

[Event "ICC tourney 2533 (25 5)"]
[Site "Internet Chess Club"]
[Date "2021.04.24"]
[Round "4"]
[White "GUO, FELIX:K09-17353890"]
[Black "MORSE, FRANK:K09-16935924"]
[Result "1-0"]
[ICCResult "Black checkmated"]
[WhiteElo "1303"]
[BlackElo "610"]
[Opening "Ruy Lopez: Berlin defense, Beverwijk variation"]
[ECO "C65"]
[NIC "RL.07"]
[Time "17:05:17"]
[PlyCount "61"]
[TimeControl "1500+5"]

1. e4 e5 2. Nf3 Nc6 3. Bb5 Nf6 4. O-O Bc5 5. Nxe5 Nxe5 6. d4 Nxe4 7. dxe5
O-O 8. Qd5 Bxf2+ 9. Kh1 Qh4 10. Rxf2 Nxf2+ 11. Kg1 c6 12. Qc5 cxb5 13. Qxf2
Qxf2+ 14. Kxf2 Re8 15. Bf4 b6 16. Nc3 Ba6 17. Nd5 Rac8 18. Rc1 Bb7 19. Ne3
Rcd8 20. Nf5 Be4 21. Nd6 Re6 22. Nxe4 d6 23. Nxd6 b4 24. c3 bxc3 25. Rxc3
g5 26. Bxg5 Rd7 27. Bf6 h6 28. Rc8+ Kh7 29. Rh8+ Kg6 30. Rg8+ Kh5 31. g4# {
Black checkmated } 1-0

[Event "ICC tourney 2533 (25 5)"]
[Site "Internet Chess Club"]
[Date "2021.04.24"]
[Round "4"]
[White "DAVID NAKADA, JOHJI:K09-15202138"]
[Black "BUCHIREDDY, ARYAN:K09-17330263"]
[Result "1-0"]
[ICCResult "Black checkmated"]
[WhiteElo "1869"]
[BlackElo "844"]
[Opening "French defense"]
[ECO "C00"]
[NIC "FR.01"]
[Time "17:04:54"]
[PlyCount "43"]
[TimeControl "1500+5"]

1. e4 e6 2. Nf3 d5 3. e5 Nc6 4. d4 Nh6 5. Bd3 Be7 6. O-O Bd7 7. c3 Nf5 8.
Nbd2 O-O 9. Re1 Nh4 10. Nf1 Nxf3+ 11. Qxf3 Bg5 12. Qh5 h6 13. f4 Be7 14. g4
Bh4 15. Ng3 Re8 16. g5 hxg5 17. fxg5 Bxg3 18. Qh7+ Kf8 19. hxg3 g6 20. Rf1
f5 21. gxf6 a6 22. Bh6# { Black checkmated } 1-0

[Event "ICC tourney 2533 (25 5)"]
[Site "Internet Chess Club"]
[Date "2021.04.24"]
[Round "4"]
[White "V V SHI, ROGER:K09-16191192"]
[Black "A STIDHAM, ALLEN:K09-16027993"]
[Result "1-0"]
[ICCResult "Black checkmated"]
[WhiteElo "1572"]
[BlackElo "1041"]
[Opening "Caro-Kann: exchange variation"]
[ECO "B13"]
[NIC "VO.17"]
[Time "17:05:58"]
[PlyCount "47"]
[TimeControl "1500+5"]

1. e4 d5 2. exd5 c6 3. d4 cxd5 4. Nf3 Bf5 5. c4 Nf6 6. Nc3 e6 7. Be2 g6 8.
O-O Qc7 9. cxd5 exd5 10. Re1 Bg7 11. Bb5+ Kf8 12. Qe2 Nc6 13. b3 a6 14.
Ba3+ Kg8 15. Bd3 Bxd3 16. Qxd3 b5 17. Bc5 h6 18. Rac1 Kh7 19. Ne5 Nxe5 20.
dxe5 Qxc5 21. exf6 Bxf6 22. Nxd5 Qd6 23. Qf3 Bg5 24. Qxf7# { Black
checkmated } 1-0

[Event "ICC tourney 2533 (25 5)"]
[Site "Internet Chess Club"]
[Date "2021.04.24"]
[Round "4"]
[White "SAI MEIYALAGAN, RUBAN:K09-30018746"]
[Black "JAIN, LAKSH:K09-16802026"]
[Result "1/2-1/2"]
[ICCResult "Game drawn by mutual agreement"]
[WhiteElo "1591"]
[BlackElo "1097"]
[Opening "QGD: Ragozin variation"]
[ECO "D38"]
[NIC "NI.27"]
[Time "17:03:56"]
[PlyCount "54"]
[TimeControl "1500+5"]

1. d4 d5 2. c4 e6 3. Nc3 Nf6 4. Nf3 Bb4 5. a3 Bxc3+ 6. bxc3 O-O 7. Bg5 h6
8. Bh4 g5 9. Bg3 Nc6 10. e3 Bd7 11. Bd3 Na5 12. cxd5 exd5 13. h4 gxh4 14.
Bxh4 Kg7 15. Ne5 Rg8 16. Qf3 Be6 17. Bxf6+ Qxf6 18. Qxf6+ Kxf6 19. Rxh6+
Ke7 20. g3 Rab8 21. Ke2 Nc6 22. Rg1 Nxe5 23. dxe5 Rh8 24. Rgh1 Rxh6 25.
Rxh6 Rg8 26. Rf6 a6 27. Kf3 Rh8 { Game drawn by mutual agreement } 1/2-1/2

[Event "ICC tourney 2533 (25 5)"]
[Site "Internet Chess Club"]
[Date "2021.04.24"]
[Round "4"]
[White "CHIEN EN LIM, TIMOTHY:K09-16139198"]
[Black "NADYRSHIN, CHINGIZ:K09-15625751"]
[Result "1/2-1/2"]
[ICCResult "Game drawn by mutual agreement"]
[WhiteElo "1846"]
[BlackElo "1233"]
[Opening "Scandinavian (center counter) defense"]
[ECO "B01"]
[NIC "SD.01"]
[Time "17:05:11"]
[PlyCount "57"]
[TimeControl "1500+5"]

1. e4 d5 2. exd5 Qxd5 3. Nc3 Qa5 4. Nf3 Nf6 5. d4 c6 6. Bc4 Bf5 7. Ne5 e6
8. O-O Be7 9. Bd2 Qc7 10. a4 O-O 11. Bf4 Bd6 12. Re1 Nbd7 13. Bd3 Bxd3 14.
Qxd3 Rfd8 15. Qe3 Nb6 16. Ne4 Nfd5 17. Qg3 Nxf4 18. Nxd6 Rxd6 19. Qxf4 Rad8
20. c3 Nd5 21. Qg3 Nf6 22. h3 c5 23. Nc4 Rc6 24. Qxc7 Rxc7 25. dxc5 Rxc5
26. Rad1 Rcd5 27. Rxd5 Rxd5 28. Ne3 Rd6 29. Rd1 { Game drawn by mutual
agreement } 1/2-1/2

[Event "ICC tourney 2533 (25 5)"]
[Site "Internet Chess Club"]
[Date "2021.04.24"]
[Round "4"]
[White "KINI, SIDDHARTH:K09-15628986"]
[Black "IYER, ANEESH:K09-15577967"]
[Result "0-1"]
[ICCResult "White checkmated"]
[WhiteElo "683"]
[BlackElo "1146"]
[Opening "Pirc: classical system, 5.Be2"]
[ECO "B06"]
[NIC "PU.03"]
[Time "17:05:32"]
[PlyCount "144"]
[TimeControl "1500+5"]

1. e4 g6 2. d4 Bg7 3. Nf3 d6 4. Nc3 Nf6 5. Be2 Nbd7 6. Bf4 O-O 7. O-O b6 8.
e5 dxe5 9. dxe5 Ng4 10. h3 Ngxe5 11. Nxe5 Nxe5 12. Bxe5 Bxe5 13. Bf3 Rb8
14. Re1 Qxd1 15. Raxd1 Bf6 16. Nd5 Bxb2 17. Nxe7+ Kg7 18. Nc6 Ra8 19. Ne5
Rb8 20. Nd7 Bxd7 21. Rxd7 Rbc8 22. Ree7 Bf6 23. Re2 Rfd8 24. Rxd8 Rxd8 25.
Kh2 c5 26. c4 Rd4 27. Re4 Rd2 28. Re2 Rxe2 29. Bxe2 Bd4 30. f3 Kf6 31. Bd3
Ke5 32. Be4 f5 33. Bc6 Bc3 34. a4 Kd4 35. Bb5 Bd2 36. Kg3 h6 37. Kh4 Bg5+
38. Kg3 Ke3 39. Kh2 Bf6 40. Be8 g5 41. Bh5 Kd3 42. Bf7 Kc3 43. Kg3 Kb4 44.
f4 Kxa4 45. Be8+ Kb4 46. Bb5 Be7 47. Kf3 Ka5 48. Bc6 a6 49. g4 fxg4+ 50.
hxg4 gxf4 51. Kxf4 Kb4 52. Bd5 a5 53. Ke4 a4 54. Kd3 a3 55. Kc2 Bf6 56. Kb1
Kb3 57. Kc1 a2 58. Kd2 a1=Q 59. Ke3 Qd4+ 60. Kf3 Kc3 61. g5 Bxg5 62. Bc6
Qxc4 63. Bb5 Qxb5 64. Kg4 Qc4+ 65. Kf3 Qf4+ 66. Ke2 Qe3+ 67. Kf1 Qd2 68.
Kg1 Qe2 69. Kh1 Kd2 70. Kg1 Ke3 71. Kh1 Kf3 72. Kg1 Qg2# { White checkmated
} 0-1

[Event "ICC tourney 2533 (25 5)"]
[Site "Internet Chess Club"]
[Date "2021.04.24"]
[Round "4"]
[White "CURRAN, ELI:K09-16489414"]
[Black "EDWARD COOKE, OLIVER:K09-15797018"]
[Result "0-1"]
[ICCResult "White resigns"]
[WhiteElo "537"]
[BlackElo "964"]
[Opening "Sicilian defense"]
[ECO "B20"]
[NIC "SI.48"]
[Time "17:06:17"]
[PlyCount "54"]
[TimeControl "1500+5"]

1. e4 c5 2. Bc4 Nc6 3. Qh5 g6 4. Qxc5 Bg7 5. Qd5 e6 6. Qd3 Nb4 7. Qb3 Nc6
8. Nf3 Nge7 9. d3 d5 10. exd5 exd5 11. Bb5 O-O 12. d4 Nxd4 13. Nxd4 Bxd4
14. O-O a6 15. Be2 Re8 16. Re1 Nf5 17. Nd2 Re7 18. Nf3 Qe8 19. Nxd4 Nxd4
20. Qd3 Nxe2+ 21. Rxe2 Rxe2 22. Bg5 Re1+ 23. Rxe1 Qxe1+ 24. Qf1 Qxf1+ 25.
Kxf1 Bf5 26. g3 Re8 27. c3 Bh3+ { White resigns } 0-1

[Event "ICC tourney 2533 (25 5)"]
[Site "Internet Chess Club"]
[Date "2021.04.24"]
[Round "4"]
[White "FISCHER, LUCAS:K09-17258553"]
[Black "BYRD, JONATHAN:K09-15330261"]
[Result "0-1"]
[ICCResult "White checkmated"]
[WhiteElo "385"]
[BlackElo "952"]
[Opening "Queen's pawn game"]
[ECO "D00"]
[NIC "QP.08"]
[Time "17:05:37"]
[PlyCount "74"]
[TimeControl "1500+5"]

1. d4 d5 2. e3 Nc6 3. c3 Bf5 4. g4 Bg6 5. Bh3 e6 6. g5 Qxg5 7. e4 Qd8 8.
exd5 Qxd5 9. f3 Nf6 10. Ne2 Qxf3 11. Rf1 Qxh3 12. Bd2 Bd6 13. b4 Qxh2 14.
b5 Bg3+ 15. Nxg3 Qxg3+ 16. Rf2 Ng4 17. Qf3 Qxf3 18. Rxf3 O-O 19. bxc6 bxc6
20. Rg3 Nh2 21. Rh3 Ng4 22. Rh4 f5 23. Na3 Rfe8 24. O-O-O e5 25. Rdh1 exd4
26. cxd4 Nf2 27. Rf1 Ne4 28. Nc4 Nxd2 29. Nxd2 Rab8 30. Nf3 f4 31. Ne5 Rb1+
32. Kd2 Rxf1 33. Nxc6 f3 34. Nxa7 f2 35. Rh2 Rd1+ 36. Kxd1 f1=Q+ 37. Kd2
Qe1# { White checkmated } 0-1

[Event "ICC tourney 2533 (25 5)"]
[Site "Internet Chess Club"]
[Date "2021.04.24"]
[Round "4"]
[White "GANESH, SAANJALI:K09-15003445"]
[Black "MA, JUSTIN:K09-17058248"]
[Result "0-1"]
[ICCResult "White checkmated"]
[WhiteElo "639"]
[BlackElo "1111"]
[Opening "Giuoco Pianissimo: Canal variation"]
[ECO "C50"]
[NIC "IG.02"]
[Time "17:03:43"]
[PlyCount "120"]
[TimeControl "1500+5"]

1. e4 e5 2. Nf3 Nc6 3. Bc4 Bc5 4. d3 Nf6 5. Nc3 d6 6. Bg5 Bg4 7. Nd5 Nd4 8.
c3 Nxf3+ 9. gxf3 Bd7 10. f4 h6 11. Nxf6+ gxf6 12. Qh5 Qe7 13. Bh4 O-O-O 14.
fxe5 dxe5 15. Qf3 Qf8 16. Bxf6 Rh7 17. Bxd8 Kxd8 18. O-O-O Rg7 19. Rhg1 Be8
20. Rxg7 Qxg7 21. d4 exd4 22. Kc2 f6 23. cxd4 Bd6 24. Re1 Bg6 25. Kd2 Kc8
26. e5 fxe5 27. dxe5 Bxe5 28. Rxe5 Qxe5 29. Qg4+ Bf5 30. Qg8+ Kd7 31. Qf7+
Kd6 32. Qf8+ Kc6 33. Qxh6+ Kc5 34. Qe3+ Qd4+ 35. Qxd4+ Kxd4 36. Bg8 Ke4 37.
h4 Bg4 38. Bf7 Kf5 39. h5 Kg5 40. Ke3 Kh6 41. f4 Bxh5 42. Bxh5 Kxh5 43. Ke4
Kg6 44. f5+ Kf6 45. Kf4 c6 46. Ke4 b6 47. Kd4 c5+ 48. Kc4 Kxf5 49. Kb5 Ke4
50. Ka6 c4 51. Kxa7 b5 52. Kb6 b4 53. Kb5 c3 54. bxc3 bxc3 55. Kb4 c2 56.
Kb3 c1=Q 57. a4 Kd3 58. a5 Qb1+ 59. Ka4 Kc3 60. a6 Qb4# { White checkmated
} 0-1

[Event "ICC tourney 2533 (25 5)"]
[Site "Internet Chess Club"]
[Date "2021.04.24"]
[Round "4"]
[White "NOAH MANDL CIOLEK, SIMON:K09-14759264"]
[Black "GODLAVETI, PRACHETH:K09-15635626"]
[Result "0-1"]
[ICCResult "White checkmated"]
[WhiteElo "1149"]
[BlackElo "1725"]
[Opening "Sicilian: Grand Prix attack"]
[ECO "B23"]
[NIC "SI.44"]
[Time "17:06:16"]
[PlyCount "114"]
[TimeControl "1500+5"]

1. e4 c5 2. Nc3 Nc6 3. f4 e6 4. Nf3 d5 5. exd5 exd5 6. d4 Nf6 7. Be2 Ne4 8.
Qd3 Nb4 9. Qd1 Bf5 10. a3 Nxc3 11. bxc3 Nxc2+ 12. Kf2 Nxa1 13. Ne1 cxd4 14.
cxd4 Rc8 15. Bb5+ Bd7 16. Bxd7+ Qxd7 17. Bb2 Nc2 18. Nxc2 Be7 19. Re1 Qa4
20. Re2 O-O 21. Qd3 Bf6 22. Nb4 Rc4 23. Nxd5 Bxd4+ 24. Bxd4 Rxd4 25. Ne7+
Kh8 26. Qh3 Rxf4+ 27. Kg3 Re4 28. Rxe4 Qxe4 29. Nf5 Qd3+ 30. Kh4 Qxh3+ 31.
gxh3 g6 32. Nd6 b6 33. Kg5 Kg7 34. h4 f6+ 35. Kf4 Rd8 36. Nb5 a6 37. Nc7
Rd4+ 38. Ke3 Rxh4 39. Nxa6 Rxh2 40. a4 Ra2 41. Nc7 Rxa4 42. Kd3 h5 43. Ke3
Rg4 44. Na8 b5 45. Nc7 b4 46. Nd5 b3 47. Kd3 h4 48. Kc3 Rg3+ 49. Kb2 h3 50.
Nf4 h2 51. Ne2 Rg2 52. Kxb3 Rxe2 53. Kc4 h1=Q 54. Kd4 Qe4+ 55. Kc3 Rc2+ 56.
Kb3 Qc4+ 57. Ka3 Ra2# { White checkmated } 0-1

[Event "ICC tourney 2533 (25 5)"]
[Site "Internet Chess Club"]
[Date "2021.04.24"]
[Round "4"]
[White "R N JOSEPH, CONNOR:K09-17248378"]
[Black "ROMANYUK, NIKITA:K09-16682244"]
[Result "0-1"]
[ICCResult "White checkmated"]
[WhiteElo "918"]
[BlackElo "166"]
[Opening "Four knights: Italian variation"]
[ECO "C47"]
[NIC "RG.01"]
[Time "17:06:39"]
[PlyCount "52"]
[TimeControl "1500+5"]

1. e4 e5 2. Nf3 Nf6 3. Nc3 Nc6 4. Bc4 h6 5. d3 Bb4 6. a3 Bxc3+ 7. bxc3 d6
8. d4 O-O 9. d5 Na5 10. Bb3 b6 11. O-O Nxe4 12. Re1 Nxc3 13. Qd3 Nxb3 14.
cxb3 Nxd5 15. Qxd5 Be6 16. Qd3 Qf6 17. a4 Bf5 18. Qc4 c5 19. Rd1 Rfd8 20.
Nh4 Be6 21. Qe4 Bxb3 22. Rd3 Bc2 23. Qd5 Bxd3 24. Qxd3 Qxh4 25. Qf3 Qb4 26.
Qg3 Qe1# { White checkmated } 0-1

[Event "ICC tourney 2533 (25 5)"]
[Site "Internet Chess Club"]
[Date "2021.04.24"]
[Round "4"]
[White "FENTON, SETH:K09-15344035"]
[Black "BALAMURUGAN, ABHIJAY:K09-16913354"]
[Result "0-1"]
[ICCResult "White resigns"]
[WhiteElo "1690"]
[BlackElo "1026"]
[Opening "English: Sicilian reversed"]
[ECO "A25"]
[NIC "EO.20"]
[Time "17:04:19"]
[PlyCount "104"]
[TimeControl "1500+5"]

1. c4 e5 2. Nc3 Nc6 3. g3 Bc5 4. Bg2 Nf6 5. e3 O-O 6. Nge2 d6 7. O-O Re8 8.
d4 exd4 9. exd4 Bb4 10. a3 Bxc3 11. Nxc3 Bf5 12. b4 a6 13. Bb2 Qd7 14. Nd5
Nxd5 15. Bxd5 Rab8 16. Re1 Rxe1+ 17. Qxe1 Re8 18. Qd2 Bg4 19. Bh1 Re2 20.
Qc3 Qe7 21. d5 Ne5 22. f4 Qf6 23. Rf1 Bh3 24. Rf2 Rxf2 25. Kxf2 Ng4+ 26.
Kg1 Qg6 27. Qe1 h6 28. Be4 f5 29. Bb1 Qh5 30. Qe7 Ne5 31. Qe6+ Kh7 32. Bc2
Nf3+ 33. Kf2 Nxh2 34. Qe7 Qf3+ 35. Ke1 Qxg3+ 36. Kd2 Qxf4+ 37. Kc3 Qe5+ 38.
Qxe5 dxe5 39. Kb3 e4 40. c5 Kg8 41. d6 cxd6 42. cxd6 Kf8 43. Bxg7+ Ke8 44.
Be5 e3 45. Bxh2 e2 46. Bg3 f4 47. Be1 f3 48. Kc4 Kd7 49. Kd5 Bg2 50. Bg6
f2+ 51. Be4 Bxe4+ 52. Kd4 fxe1=Q { White resigns } 0-1

[Event "ICC tourney 2533 (25 5)"]
[Site "Internet Chess Club"]
[Date "2021.04.24"]
[Round "4"]
[White "MERRILL, SYLVIA:K09-15066418"]
[Black "JOHN KIM, ANDREW:K09-16142364"]
[Result "1/2-1/2"]
[ICCResult "Game drawn by mutual agreement"]
[WhiteElo "1540"]
[BlackElo "995"]
[Opening "Queen's pawn game, Darooha variation "]
[ECO "D02"]
[NIC "QP.06"]
[Time "17:05:45"]
[PlyCount "112"]
[TimeControl "1500+5"]

1. d4 Nf6 2. Nf3 d5 3. c4 e6 4. g3 c6 5. cxd5 exd5 6. Bg2 Bd6 7. O-O O-O 8.
Nc3 Bf5 9. Bg5 h6 10. Bxf6 Qxf6 11. Rc1 Re8 12. Qb3 b6 13. Nh4 Nd7 14. Nxf5
Qxf5 15. Rfe1 Nf6 16. Nd1 c5 17. Ne3 Qg5 18. Nxd5 Rac8 19. Nxf6+ Qxf6 20.
dxc5 Bxc5 21. e3 Red8 22. Red1 Rxd1+ 23. Rxd1 Rd8 24. Rxd8+ Qxd8 25. Qd5
Qxd5 26. Bxd5 Kf8 27. Kg2 Bb4 28. f4 Ke7 29. f5 a5 30. Kf3 g6 31. fxg6 fxg6
32. e4 Kf6 33. Ke3 Bc5+ 34. Kf4 Bd6+ 35. Kg4 Be5 36. b3 Bd4 37. a4 Bc3 38.
h4 h5+ 39. Kh3 Be5 40. g4 hxg4+ 41. Kxg4 Bd6 42. h5 gxh5+ 43. Kxh5 Be5 44.
Kg4 Bc7 45. Kf3 Ke5 46. Ke3 Bd6 47. Kd3 Bc5 48. Kc4 Bb4 49. Kb5 Bc5 50. Kc6
Bd4 51. Kc7 Bc5 52. Kc6 Bd4 53. Kb5 Bc5 54. Bb7 Bd4 55. b4 axb4 56. Kxb4
Bc5+ { Game drawn by mutual agreement } 1/2-1/2

[Event "ICC tourney 2533 (25 5)"]
[Site "Internet Chess Club"]
[Date "2021.04.24"]
[Round "4"]
[White "LI, EMMA:K09-16538490"]
[Black "MUKHERJEE, ABHIRUP:K09-17149023"]
[Result "1-0"]
[ICCResult "Black checkmated"]
[WhiteElo "1342"]
[BlackElo "672"]
[Opening "Four knights: Spanish, classical defense"]
[ECO "C48"]
[NIC "KP.03"]
[Time "17:05:29"]
[PlyCount "65"]
[TimeControl "1500+5"]

1. e4 e5 2. Nf3 Nc6 3. Nc3 Nf6 4. Bb5 Bc5 5. Nxe5 Nxe5 6. d4 Bb4 7. dxe5
Bxc3+ 8. bxc3 Nxe4 9. Qf3 a6 10. Bc4 d5 11. exd6 Nxd6 12. Bd5 Qe7+ 13. Be3
c6 14. Bb3 Ne4 15. O-O O-O 16. Rfe1 Re8 17. Bf4 Be6 18. Rxe4 Qa3 19. Rae1
Qb2 20. Bc1 Qa1 21. Ba3 Bg4 22. Rxa1 Bxf3 23. gxf3 Rxe4 24. fxe4 Re8 25. f3
b6 26. Rd1 h6 27. Rd7 Re5 28. Bxf7+ Kh8 29. h4 Rb5 30. Bg6 Rb1+ 31. Kg2 Rd1
32. Rxd1 Kg8 33. Rd8# { Black checkmated } 1-0

[Event "ICC tourney 2533 (25 5)"]
[Site "Internet Chess Club"]
[Date "2021.04.24"]
[Round "4"]
[White "GRANT, AROYAH:K09-16524840"]
[Black "XIAO, ALESTER:K09-16181985"]
[Result "0-1"]
[ICCResult "White checkmated"]
[WhiteElo "596"]
[BlackElo "1055"]
[Opening "Caro-Kann defense"]
[ECO "B15"]
[NIC "CK.05"]
[Time "17:04:20"]
[PlyCount "142"]
[TimeControl "1500+5"]

1. e4 c6 2. d4 d5 3. Nc3 dxe4 4. Nxe4 Nf6 5. Nc3 Bf5 6. Nf3 e6 7. Bc4 Be7
8. O-O O-O 9. Bf4 Nbd7 10. Nh4 Bg4 11. Nf3 Nb6 12. Bd3 Nbd5 13. Be5 Bd6 14.
h3 Bh5 15. g4 Bg6 16. Bxg6 hxg6 17. g5 Nxc3 18. bxc3 Bxe5 19. Nxe5 Nd5 20.
c4 Qxg5+ 21. Qg4 Qxg4+ 22. hxg4 Nf4 23. Rae1 Rad8 24. Re4 Rxd4 25. Rxd4
Ne2+ 26. Kg2 Nxd4 27. c3 Nc2 28. Rc1 Na3 29. f4 Rd8 30. Nf3 Nxc4 31. Nd4
Kf8 32. f5 gxf5 33. gxf5 exf5 34. Nxf5 Rd5 35. Nd4 Ne3+ 36. Kf2 Nf5 37. Rd1
Nxd4 38. cxd4 Ke7 39. Re1+ Kd7 40. Re4 f5 41. Rh4 Kc7 42. Ke3 g5 43. Rh7+
Kb6 44. Rh1 c5 45. Rh6+ Kb5 46. dxc5 Kxc5 47. Rh1 Rd4 48. Rc1+ Rc4 49.
Rxc4+ Kxc4 50. Kf2 Kb4 51. Ke3 Ka3 52. Kd4 Kxa2 53. Ke5 a5 54. Kxf5 a4 55.
Kxg5 b5 56. Kf5 b4 57. Ke4 Kb2 58. Kd4 Kc2 59. Kc4 b3 60. Kb4 b2 61. Kxa4
b1=Q 62. Ka5 Qb3 63. Ka6 Qb4 64. Ka7 Qb5 65. Ka8 Kc3 66. Ka7 Kc4 67. Ka8
Kd5 68. Ka7 Kc6 69. Ka8 Kd7 70. Ka7 Kc7 71. Ka8 Qa6# { White checkmated }
0-1